 Dungeon Crawl Stone Soup version 0.29-a0-872-g797fff5ad1 (webtiles) character file.

Game seed: 4708009758702607780

499 raph the Grave Robber (level 7, 0/51 HPs)
             Began as a Human Necromancer on July 18, 2022.
             Was a Believer of Nemelex Xobeh.
             Slain by a jelly (3 damage)
             ... on level 5 of the Dungeon.
             The game lasted 00:08:54 (5705 turns).

raph the Grave Robber (Human Necromancer)           Turns: 5705, Time: 00:08:54

Health: 0/51       AC: -8    Str: 14    XL:     7   Next: 39%
Magic:  1/11       EV: 13    Int: 18    God:    Nemelex Xobeh [**....]
Gold:   79         SH:  0    Dex: 13    Spells: 7/12 levels left

rFire   . . .      SeeInvis +   m - +2 whip (vamp)
rCold   . . .      Faith    .   (no shield)
rNeg    . . .      Spirit   .   a - +1 robe
rPois   .          Reflect  .   c - +0 helmet
rElec   .          Harm     .   (no cloak)
rCorr   .          Rampage  .   (no gloves)
Will    .....                   (no boots)
Stlth   +++.......              (no amulet)
HPRegen 0.17/turn               g - +6 ring of strength
MPRegen 0.12/turn               p - ring "Dusyeg" {*Corrode Fly SInv Stlth+}

@: corroded, flying
A: no striking features
a: Renounce Religion, Draw Escape, Draw Destruction, Draw Summoning


You were on level 5 of the Dungeon.
You worshipped Nemelex Xobeh.
Nemelex Xobeh was pleased with you.
You visited 1 branch of the dungeon, and saw 5 of its levels.

You collected 279 gold pieces.
You spent 200 gold pieces at shops.

Inventory:

Hand Weapons
 e - a +0 short sword
 m - a +2 vampiric whip (weapon)
Missiles
 f - 83 stones
Armour
 a - a +1 robe (worn)
 c - a +0 helmet (worn)
Magical Staves
 h - a staff of earth
Jewellery
 g - a +6 ring of strength (left hand)
 p - the ring "Dusyeg" (right hand) {*Corrode Fly SInv Stlth+}
   (You found it on level 4 of the Dungeon)

   [ring of flight]

   SInv:      It lets you see invisible.
   Fly:       It grants you flight.
   *Corrode:  It may corrode you when you take damage.
   Stlth:     It makes you more stealthy.
Wands
 d - a wand of iceblast (5)
Scrolls
 k - a scroll of fear
 q - a scroll of blinking
 r - a scroll of identify
 s - a scroll of noise {unknown}
Potions
 b - a potion of cancellation
 i - a potion of mutation {unknown}
 j - 2 potions of curing
 l - 3 potions of brilliance
 n - a potion of invisibility {unknown}
 o - a potion of heal wounds
 t - a potion of flight {unknown}
 u - a potion of attraction {unknown}


   Skills:
 + Level 2.5 Fighting
 + Level 3.3 Dodging
 + Level 3.6 Stealth
 + Level 3.2 Spellcasting
 * Level 1.4 Conjurations
 * Level 5.7 Necromancy


You had 7 spell levels left.
You knew the following spells:

 Your Spells              Type           Power      Damage    Failure   Level
a - Necrotise             Necr           92%        1d8       1%          1
b - Vampiric Draining     Necr           23%        2d7       4%          3
c - Magic Dart            Conj           32%        1d4       9%          1

Your spell library contained the following spells:

 Spells                   Type           Power      Damage    Failure   Level
 Searing Ray              Conj           16%        2d5       14%         2
 Animate Dead             Necr           23%        N/A       16%         4
 Blink                    Tloc           4%         N/A       24%         2
 Agony                    Necr           23%        N/A       38%         5
 Lesser Beckoning         Tloc           2%         N/A       43%         3
 Tukima's Dance           Hex            2%         N/A       43%         3
 Fulminant Prism          Conj/Hex       2%         3d6       75%         4
 Passage of Golubria      Tloc           2%         N/A       85%         4
 Manifold Assault         Tloc           2%         N/A       99%         5
 Yara's Violent Unravell  Hex/Tmut       1%         3d3       99%         5
 Haunt                    Necr/Summ      6%         N/A       100%        7
 Malign Gateway           Summ/Tloc      1%         N/A       100%        7
 Infestation              Necr           11%        N/A       100%        8
 Summon Horrible Things   Summ           1%         N/A       100%        8


Dungeon Overview and Level Annotations

Branches:
Dungeon (5/15)             Temple (0/1) D:4

Altars:
Nemelex Xobeh
Ru

Shops:
D:4 :


Message History

Aim: a jelly (lightly wounded, ally target, chance to affect: 87%)
The jelly writhes in agony.
The jelly hits you.
You are splashed with acid!
Aiming: Necrotise (safe; 1% risk of failure)
Press: ? - help, Q - select action, (/) - cycle Shift-Dir - straight line, f/p - jelly
Aim: a jelly (moderately wounded, ally target, chance to affect: 87%)
The jelly barely resists.
The jelly hits you. The acid corrodes you!
You are splashed with acid!
The jelly attacks as you move away! The jelly barely misses you.
Your orc wizard skeleton hits the jelly.
Your orc wizard skeleton is burned by acid!
You hit the jelly.
You feel better.
Your hands burn!
The jelly is moderately wounded.
The jelly hits you. The acid corrodes you!
You are splashed with acid.
* * * LOW HITPOINT WARNING * * *
Your orc wizard skeleton hits the jelly.
Your orc wizard skeleton is burned by acid!
Casting: Necrotise (safe; 1% risk of failure)
Confirm with . or Enter, or press ? or * to list all spells.
Aiming: Vampiric Draining (dangerous; 4% risk of failure)
Press: ? - help, Shift-Dir - straight line, f/p - jelly
Aim: a jelly (moderately wounded, ally target)
You draw life force from the jelly.
You feel life coursing into your body. The jelly closely misses you.
You draw a card...
You have drawn the Illusion.
Suddenly you stand beside yourself.
The deck of cards glows with a rainbow of weird colours and disappears.
The jelly hits you.
* * * LOW HITPOINT WARNING * * *
You are splashed with acid!
* * * LOW HITPOINT WARNING * * *
Your orc wizard skeleton hits the jelly.
Your orc wizard skeleton is burned by acid!
Your orc wizard skeleton hits the jelly.
Your orc wizard skeleton is burned by acid!
Raph's illusion hits the jelly.
The acid corrodes raph's illusion!
Raph's illusion is burned by acid!
You swap places.
The jelly hits you.
You die...
Your body glows slightly and disappears.

.# ....# ..... .## .
...###._.# ..# ..
##..#..... #.#
...##...#.).# #.#
#......#...#
#.##########....####
...............Z..>#
.....#######...J#######.
.....#######...@@.$.....
...........+.........###
.........###.........#
.....................#
.....###########.....#
...... #.##### ......
... ###'#. .... #. ..
...


You could see a jelly (ally target), the friendly raph's illusion (summoned,
corroded) and a friendly orc wizard skeleton.

Vanquished Creatures
  2 scorpions (D:4)
  A jelly (D:4)
  A hound (D:4)
  An orc priest (D:3)
  Ijyb (D:3)
  5 orc wizards
  Terence (D:2)
  3 adders
  A white imp (D:5)
  A worm (D:3)
  4 dart slugs
  9 orcs
  3 endoplasms
  2 giant cockroaches
  7 goblins
  3 hobgoblins
  3 jackals
  4 quokkas
  6 ball pythons
  A bat (D:1)
  A frilled lizard (D:1)
  6 kobolds
  3 rats
69 creatures vanquished.

Vanquished Creatures (collateral kills)
  2 orcs
  A bat (D:2)
  2 goblins
5 creatures vanquished.

Grand Total: 74 creatures vanquished

Notes
Turn   | Place    | Note
-------+----------+-------------------------------------------
     0 | D:1      | raph the Human Necromancer began the quest for the Orb.
     0 | D:1      | Reached XP level 1. HP: 13/13 MP: 3/3
   356 | D:1      | Found a faded altar of an unknown god.
   384 | D:1      | Reached XP level 2. HP: 20/20 MP: 1/5
  1076 | D:1      | Reached XP level 3. HP: 25/25 MP: 0/6
  1193 | D:1      | Learned a level 3 spell: Vampiric Draining
  1201 | D:2      | Noticed Terence
  1444 | D:2      | Found a sparkling altar of Nemelex Xobeh.
  1452 | D:2      | Became a worshipper of Nemelex Xobeh the Trickster
  1955 | D:2      | Reached skill level 1 in Fighting
  1968 | D:2      | Killed Terence
  1969 | D:2      | Reached XP level 4. HP: 20/32 MP: 4/7
  2709 | D:3      | Reached * piety under Nemelex Xobeh
  2833 | D:3      | Noticed Ijyb
  2962 | D:3      | HP: 1/32 [Ijyb/iceblast (11)]
  2973 | D:3      | Killed Ijyb
  2974 | D:3      | Reached XP level 5. HP: 21/37 MP: 0/8
  3147 | D:3      | Received a gift from Nemelex Xobeh
  3285 | D:3      | Reached skill level 5 in Necromancy
  4051 | D:4      | Reached XP level 6. HP: 44/44 MP: 3/10
  4341 | D:4      | Found a staircase to the Ecumenical Temple.
  4491 | D:4      | Identified the ring "Dusyeg" {*Corrode Fly SInv Stlth+}
  4654 | D:4      | Reached ** piety under Nemelex Xobeh
  4657 | D:4      | Found Myukiq's Book Shop.
  4668 | D:4      | Bought a book of Conjurations for 200 gold pieces
  4670 | D:4      | Learned a level 1 spell: Magic Dart
  4701 | D:4      | Reached XP level 7. HP: 51/51 MP: 4/11
  4887 | D:4      | Reached skill level 1 in Conjurations
  5305 | D:5      | Entered Level 5 of the Dungeon
  5681 | D:5      | Found a sacrificial altar of Ru.
  5705 | D:5      | Slain by a jelly

Illustrated notes

Levels and vault maps discovered:
D:1:      tarquinn_simple_flora_water_e, layout_basic, basic_ecumenical_altar,
          grunt_decor_clamped, chequers_serial_rivers_micro_c
D:2:      minmay_alternating_diamond, layout_basic, basic_altar, minmay_vboxes,
          uniq_terence
D:3:      layout_loops_ring, serial_co_window_serial, co_window_paths_a,
          co_window_paths_a, co_window_cross_1, co_window_corner_a,
          co_window_paths_a, co_window_unsneaky_path_c, co_window_corner_cb,
          co_window_unsneaky_path_b, co_window_corner_ca, co_window_4corner_b,
          glass_columns_a, glass_columns_b, glass_columns_c, glass_columns_a,
          glass_columns_a, uniq_ijyb
D:4:      layout_gridville, minmay_temple_entry_sparse_star, serial_shops,
          nicolae_stop_n_shop_2
D:5:      layout_basic, nicolae_ru_great_annihilating_truth

Skill      XL: |  1  2  3  4  5  6  7 |
---------------+----------------------+-----
Fighting       | 1 2 |  2.5
Stealth        | 3 |  3.6
Necromancy     | 5 |  5.7
Dodging        | 3 |  3.3
Spellcasting   | 3 |  3.2
Conjurations   | 1 |  1.4

Action                   |  1- 3 |  4- 6 |  7- 9 || total
-------------------------+-------+-------+-------++-------
Melee: Short sword       |    11 |     1 |       ||    12
       Punch             |     1 |       |     1 ||     2
       Whip              |       |    25 |     6 ||    31
 Cast: Necrotise         |    50 |    77 |    31 ||   158
       Vampiric Draining |       |     6 |     2 ||     8
       Magic Dart        |       |     1 |     8 ||     9
Invok: Draw Destruction  |       |     1 |     2 ||     3
       Draw Summoning    |       |       |     1 ||     1
  Use: Scroll            |     5 |     3 |       ||     8
       Potion            |     1 |     1 |       ||     2
 Stab: Sleeping          |       |     1 |     1 ||     2
Armor: Robe              |     3 |    18 |     5 ||    26
Dodge: Dodged            |    19 |    25 |    15 ||    59

Table legend: (Time is in decaauts)
 A = Elapsed time spent in this place.
 B = Non-inter-level travel time spent in this place.
 C = Inter-level travel time spent in this place.
 D = Time resting spent in this place.
 E = Time spent auto-exploring this place.
 F = Levels seen in this place.
 G = Mean time per level.
                   A        B        C        D        E       F      G
               +--------+--------+--------+--------+--------+-----+--------+
         Total |   5707 |   5630 |     77 |   1566 |   3320 |   5 | 1141.4 |
       Dungeon |   5707 |   5630 |     77 |   1566 |   3320 |   5 | 1141.4 |
               +--------+--------+--------+--------+--------+-----+--------+

Top non-repeatable levels by time:
     D:3: 1538 daAuts
     D:4: 1407 daAuts
     D:2: 1266 daAuts
     D:1: 1240 daAuts
     D:5: 255 daAuts
